 Dungeon Crawl Stone Soup version 0.22.1-1-ga44c0e5 (webtiles) character file.

38 delarado the Insei (level 3, -2/28 HPs)
             Began as a Gnoll Transmuter on Nov 5, 2018.
             Slain by an adder (5 damage)
             ... on level 1 of the Dungeon.
             The game lasted 00:05:58 (1526 turns).

delarado the Insei (Gnoll Transmuter)               Turns: 1526, Time: 00:06:00

Health: -2/28      AC:  3    Str: 11 (12) XL:     3   Next: 43%
Magic:  9/9        EV: 14    Int: 12 (15) God:
Gold:   70         SH:  0    Dex: 14 (16) Spells: 9/12 levels left

rFire    . . .     SeeInvis .   g - +1 club
rCold    . . .     Gourm    .   (no shield)
rNeg     . . .     Faith    .   b - +1 robe
rPois    .         Spirit   .   (no helmet)
rElec    .         Reflect  .   (no cloak)
rCorr    .         Harm     .   (no gloves)
MR       .....                  (no boots)
Stlth    ++........             c - amulet of the acrobat
HPRegen  0.09/turn              (no ring)
MPRegen  0.11/turn              (no ring)

@: lethally poisoned (-2 -> -10), appendage (expiring)
A: distributed training, fangs 1, horns 2, strong nose
a: End Transformation


You were on level 1 of the Dungeon.
You were not hungry.
You had grown temporary horns.
You visited 1 branch of the dungeon, and saw 2 of its levels.

You collected 70 gold pieces.

Inventory:

Hand Weapons
 g - a +1 club (weapon)
Missiles
 a - 12 arrows
 e - 44 sling bullets
Armour
 b - a +1 robe (worn)
Jewellery
 c - an amulet of the acrobat (around neck)
Potions
 k - a potion of invisibility
Comestibles
 d - 5 rations


   Skills:
 + Level 2.6 Fighting
 + Level 0.7 Short Blades
 + Level 0.7 Long Blades
 + Level 0.7 Axes
 + Level 0.7 Maces & Flails
 + Level 0.7 Polearms
 + Level 0.7 Staves
 + Level 0.7 Slings
 + Level 0.7 Bows
 + Level 0.7 Crossbows
 + Level 0.7 Throwing
 + Level 0.7 Armour
 + Level 4.5 Dodging
 + Level 0.7 Stealth
 + Level 0.7 Shields
 + Level 6.5 Unarmed Combat
 + Level 5.0 Spellcasting
 + Level 0.5 Conjurations
 + Level 0.5 Hexes
 + Level 0.5 Charms
 + Level 0.5 Summonings
 + Level 0.5 Necromancy
 + Level 0.5 Translocations
 + Level 3.7 Transmutations
 + Level 0.5 Fire Magic
 + Level 0.5 Ice Magic
 + Level 0.5 Air Magic
 + Level 0.5 Earth Magic
 + Level 0.5 Poison Magic
 + Level 0.9 Invocations
 + Level 0.7 Evocations


You had 9 spell levels left.
You knew the following spells:

 Your Spells              Type           Power        Failure   Level  Hunger
a - Beastly Appendage     Tmut           ##....       4%          1    None
b - Sticks to Snakes      Tmut           ##......     6%          2    ##.....

Your spell library contained the following spells:

 Spells                   Type           Power        Failure   Level  Hunger
 Spider Form              Tmut/Pois      #.........   26%         3    ###....
 Ice Form                 Ice/Tmut       #.......     63%         4    ####...
 Blade Hands              Tmut           ##........   75%         5    ######.


Dungeon Overview and Level Annotations

Branches:
Dungeon (2/15)

Altars:


Innate Abilities, Weirdness & Mutations

Your experience applies equally to all skills.
You have very sharp teeth.
Your uncanny sense of smell can sniff out nearby items.
You have a pair of horns on your head.


Message History

An adder comes into view.
You feel sick.
The adder hisses angrily.
The adder moves out of view.
The bat misses you.
Your transformation is almost over.
The bat misses you. The adder bites you.
* * * LOW HITPOINT WARNING * * *
You feel sick. The bat completely misses you.
There is a stone staircase leading up here.
The bat misses you. x2; The adder barely misses you.
You climb upwards.
There is a stone staircase leading down here.
You hit the adder but do no damage. You headbutt the adder.
The adder is moderately wounded.
You feel sick. The adder bites you.
* * * LOW HITPOINT WARNING * * *
You are more poisoned.
The adder poisons you! The adder bites you.
You die...

##...........#.#........##.# #.##
##.###....#..#.#.#'#######.# #.#.
........#......#+#.### #.###.#.
#.........#..##......# #..##.#.
'..÷÷.....#..........# #..##.#.
#...).....#.##.......# #..##.'.
###.###'#.#..#.......#####..####.
# #.# #.#.#.##...............# #.
# #.# #.#.#.....@S...........# #.
# #.# #.#.....#..............# #.
# #.# #†#.(..................# #.
# #.# #.#.....####.....#....#####
# #.# #................#.##......
# #.# ####.............#..#######
###'######.###########.##.# #
#........[.#..............# #####
#..........#.#########...## #Z#Z#


You could see an adder.

Vanquished Creatures
  An ooze (D:2)
  2 dart slugs (D:1)
  4 bats (D:1)
  A giant cockroach (D:1)
  4 goblins
  4 hobgoblins
  4 jackals (D:1)
  A kobold (D:1)
  2 ball pythons (D:1)
  A frilled lizard (D:1)
  5 rats (D:1)
29 creatures vanquished.

Notes
Turn   | Place    | Note
-------+----------+-------------------------------------------
     0 | D:1      | delarado the Gnoll Transmuter began the quest for the Orb.
     0 | D:1      | Reached XP level 1. HP: 17/17 MP: 6/6
     8 | D:1      | Noticed a minotaur
    10 | D:1      | Noticed a minotaur zombie
    12 | D:1      | Noticed a troll
    14 | D:1      | Noticed a gargoyle
    16 | D:1      | Noticed a draconian
    20 | D:1      | Noticed a gargoyle
   354 | D:1      | Reached XP level 2. HP: 19/23 MP: 5/7
   362 | D:1      | Learned a level 2 spell: Sticks to Snakes
   726 | D:1      | Reached XP level 3. HP: 25/28 MP: 9/9
   805 | D:1      | Reached skill level 5 in Spellcasting
  1207 | D:2      | HP: 1/28 [ooze (5)]
  1526 | D:1      | Slain by an adder

Skill      XL: |  1  2  3 |
---------------+----------+-----
Spellcasting   | 5 |  5.0
Fighting       | |  2.6
Short Blades   | |  0.7
Long Blades    | |  0.7
Axes           | |  0.7
Maces & Flails | |  0.7
Polearms       | |  0.7
Staves         | |  0.7
Slings         | |  0.7
Bows           | |  0.7
Crossbows      | |  0.7
Throwing       | |  0.7
Armour         | |  0.7
Dodging        | |  4.5
Stealth        | |  0.7
Shields        | |  0.7
Unarmed Combat | |  6.5
Conjurations   | |  0.5
Hexes          | |  0.5
Charms         | |  0.5
Summonings     | |  0.5
Necromancy     | |  0.5
Translocations | |  0.5
Transmutations | |  3.7
Fire Magic     | |  0.5
Ice Magic      | |  0.5
Air Magic      | |  0.5
Earth Magic    | |  0.5
Poison Magic   | |  0.5
Invocations    | |  0.9
Evocations     | |  0.7

Action                   || total
-------------------------++-------
Melee: Unarmed           ||    21
       Headbutt          ||    12
       Punch             ||     2
       Club              ||    62
       Kick              ||     7
       Bite              ||     5
 Cast: Beastly Appendage ||    20
  Use: Scroll            ||     5
       Potion            ||     2
 Stab: Sleeping          ||     2
  Eat: Chunk             ||     2
Armor: Robe              ||    10
Dodge: Dodged            ||    91
